 Dungeon Crawl Stone Soup version 0.21-a0-91-ga5031da (webtiles) character file.

135 Kidiri the Magician (level 4, 0/24 HPs)
             Began as a Deep Elf Fire Elementalist on June 28, 2017.
             Was a Follower of Vehumet.
             Slain by a slave (2 damage)
             ... led by Pikel
             ... on level 3 of the Dungeon.
             The game lasted 00:08:37 (3350 turns).

Kidiri the Magician (Deep Elf Fire Elementalist)    Turns: 3350, Time: 00:08:38

Health: 0/24       AC:  3    Str:  5    XL:     4   Next: 96%
Magic:  9/13       EV: 13    Int: 21    God:    Vehumet [*.....]
Gold:   160        SH:  0    Dex: 15    Spells: 0/13 levels left

rFire    x . .     SeeInvis .   l - +1 dagger
rCold    + . .     Gourm    .   (no shield)
rNeg     . . .     Faith    .   a - +0 robe
rPois    .         Spirit   .   (no helmet)
rElec    .         Reflect  .   (no cloak)
rCorr    .         Harm     .   (no gloves)
MR       .....                  m - +0 pair of boots
Stlth    ++........             (no amulet)
HPRegen  0.08/turn              h - ring of ice
MPRegen  0.13/turn              (no ring)

@: no status effects
A: no striking features
a: Renounce Religion


You were on level 3 of the Dungeon.
You worshipped Vehumet.
Vehumet was aware of your devotion.
You were not hungry.

You visited 1 branch of the dungeon, and saw 4 of its levels.

You collected 160 gold pieces.

Inventory:

Hand Weapons
 l - a +1 dagger (weapon)
Armour
 a - a +0 robe (worn)
 m - a +0 pair of boots (worn)
Jewellery
 h - a ring of ice (left hand)
Scrolls
 e - 2 scrolls of teleportation
 o - a scroll of magic mapping
Potions
 g - a potion of flight {unknown}
 j - a potion of heal wounds {unknown}
Books
 b - a book of Flames

   Spells                             Type                      Level
   a - Flame Tongue                   Conjuration/Fire             1
   b - Throw Flame                    Conjuration/Fire             2
   c - Conjure Flame                  Conjuration/Fire             3
   d - Inner Flame                    Hexes/Fire                   3
   e - Sticky Flame                   Conjuration/Fire             4
   f - Fireball                       Conjuration/Fire             5
Comestibles
 c - 3 bread rations
 d - 2 meat rations
 f - 3 chunks of flesh
 i - 3 fruits
 k - a royal jelly


   Skills:
 - Level 2.4 Dodging
 - Level 2.4 Stealth
 * Level 5.4 Spellcasting
 + Level 3.1 Conjurations
 + Level 3.8 Fire Magic


You couldn't memorise any spells.
You knew the following spells:

 Your Spells              Type           Power        Failure   Level  Hunger
a - Flame Tongue          Conj/Fire      ###..        2%          1    None
b - Throw Flame           Conj/Fire      ###...       3%          2    None
c - Conjure Flame         Conj/Fire      ###.....     8%          3    ##.....
d - Inner Flame           Hex/Fire       ##......     14%         3    ##.....
e - Sticky Flame          Conj/Fire      ###.....     24%         4    ####...


Dungeon Overview and Level Annotations

Branches:
Dungeon (4/15)
 Temple: D:4-7

Altars:
Vehumet


Message History

Casting: Flame Tongue
Confirm with . or Enter, or press ? or * to list all spells.
Aiming: Sticky Flame
Press: ? - help, Shift-Dir - straight line, f - slave
Aim: a slave, wearing an animal skin The sticky flame hits the slave.
The slave is lightly wounded.
The slave is covered in liquid flames!
The slave burns!
The slave hits you! The slave hits you but does no damage.
Unknown command.
The slave burns!
The slave hits you!
* * * LOW HITPOINT WARNING * * *
The slave closely misses you.
You climb upwards.
There is a stone staircase leading down here.
Unknown command.
As you read the scroll labeled BIUFFE QIFU, it crumbles to dust.
The scroll dissolves into smoke.
It was a scroll of fog.
The slave burns!
The slave completely misses you. The slave hits you.
You die...

#..).##.# ##.##'#'#####......>..
#....##.# #..#.#.#....#......<.
#....##.# ##.#.#.#....#........
#.......#####)#.#.#....#........
####.#####........#....#........
#.#####.##...###....#......).
#.......###§§# #....#........
###########§p# #....#........
#.....§p@# #....#........
####.##########....#........
#.............'....'........
#.##.##########....#........
#.##.# #....##'#...## #....#
#....##.#.#### #.####
#....##....... #.#
#....####.#### ### ###### #.#


You could see 2 slaves.

Vanquished Creatures
  A slave (D:4)
  An orc priest (D:3)
  3 adders
  2 worms (D:3)
  2 dart slugs (D:1)
  14 orcs (D:3)
  4 giant cockroaches
  4 goblins
  7 hobgoblins
  2 jackals (D:3)
  6 kobolds
  2 ball pythons
  3 bats
  5 rats
56 creatures vanquished.

Notes
Turn   | Place    | Note
-------+----------+-------------------------------------------
     0 | D:1      | Kidiri the Deep Elf Fire Elementalist began the quest for the Orb.
     0 | D:1      | Reached XP level 1. HP: 10/10 MP: 6/6
   528 | D:1      | Reached XP level 2. HP: 15/15 MP: 5/8
   532 | D:1      | Learned a level 2 spell: Throw Flame
  1052 | D:2      | Reached skill level 4 in Spellcasting
  1219 | D:2      | Reached XP level 3. HP: 19/19 MP: 6/10
  1224 | D:2      | Learned a level 3 spell: Conjure Flame
  1228 | D:2      | Learned a level 3 spell: Inner Flame
  1769 | D:3      | Found a radiant altar of Vehumet.
  1809 | D:3      | Became a worshipper of Vehumet
  2174 | D:3      | Reached XP level 4. HP: 23/24 MP: 8/12
  2546 | D:3      | Reached * piety under Vehumet
  2546 | D:3      | Offered knowledge of Magic Dart by Vehumet.
  2692 | D:3      | Reached skill level 5 in Spellcasting
  2912 | D:3      | Learned a level 4 spell: Sticky Flame
  2997 | D:4      | Noticed a slave
  3023 | D:4      | Noticed a slave
  3029 | D:4      | Killed a slave
  3102 | D:4      | Noticed a slave
  3350 | D:3      | Slain by a slave

Vault maps used:
D:1:      kilobyte_arrival_exit_the_forest
D:3:      lemuel_doored_altar, first_bread
D:4:      serial_shops, nicolae_shop_window_shopping, uniq_pikel

Skill      XL: |  1  2  3  4 |
---------------+-------------+-----
Spellcasting   | 4 5 |  5.4
Conjurations   | 2 3 |  3.1
Dodging        | |  2.4
Stealth        | |  2.4
Fire Magic     | |  3.8

Action                   |  1- 3 |  4- 6 || total
-------------------------+-------+-------++-------
Melee: Unarmed           |     4 |       ||     4
       Dagger            |     4 |    12 ||    16
 Cast: Flame Tongue      |    71 |    40 ||   111
       Sticky Flame      |       |     2 ||     2
       Conjure Flame     |       |     1 ||     1
       Inner Flame       |       |     1 ||     1
  Use: Scroll            |     6 |     1 ||     7
  Eat: Chunk             |     4 |     4 ||     8
Armor: Robe              |     5 |     9 ||    14
Dodge: Dodged            |    27 |    33 ||    60
